Cogmind - Beta 16.1 @@@ ROGUE MODE // 2026.03.05 @ 23:20:08 Player: Sen Result: Destroyed by Y-54 Guardian with Gatling Laser Performance ------------- Evolutions (3) 1500 Regions Visited (6) 1200 Robots Destroyed (110) 550 Value Destroyed (5344) 5344 Prototype IDs (10) 200 Alien Tech Used (0) 0 Bonus (3541) 3541 TOTAL SCORE: 12335 Bonus ------- Triggered High Security 500 High Alert Combat Kills 2050 Follower Combat Kills 291 Entered Garrisons 200 Used RIF Installer 500 Cogmind --------- Core Integrity 0/700 Matter 73/300 Energy 100/100 System Corruption 12% Temperature Cool (6) Movement Core (50) Location -7/Factory Parts ------- > --- POWER (1) -------- (None) > --- PROPULSION (4) --- (None) > --- UTILITY (6) ------ Improved Signal Interpreter > --- WEAPON (2) ------- (None) > --- INVENTORY (5) ---- Light Treads Wave Gun Heavy Assault Cannon Remote Datajack Peak State ------------ > --- POWER ------------ Neutrino Core > --- PROPULSION ------- Light Treads Light Treads Armored Treads Armored Treads > --- UTILITY ---------- Advanced Heat Sink Large Storage Unit Advanced Phase Shifter Hardened Heavy Armor Plating Hacking Suite > --- WEAPON ----------- EM Pulse Cannon Hypervelocity Gauss Cannon > --- INVENTORY -------- Improved Deuterium Engine Light Treads Advanced Treads Compact Wheel Improved Signal Interpreter Core Shielding Improved Medium Armor Plating Heavy Laser Wave Gun Heavy Machine Gun KE Penetrator Grenade Launcher Remote Datajack [Rating: 53] Favorites ----------- Power Improved Deuterium Engine Engine Improved Deuterium Engine Power Core Neutrino Core Propulsion Armored Treads Treads Armored Treads Leg Aluminum Leg Wheel Compact Wheel Utility Large Storage Unit Device Advanced Heat Sink Storage Large Storage Unit Processor Signal Interpreter Hackware Relay Coupler [NC] Protection Core Shielding Weapon EM Pulse Cannon Energy Gun Spread Laser Energy Cannon EM Pulse Cannon Ballistic Gun Flak Gun Ballistic Cannon Flak Cannon Launcher Grenade Launcher Special Weapon Remote Datajack Build | -11 -10 -9 -8 -7 -7 -7 ------- Run | Yrd Mat Mat Mat Fac Gar Fac Slots Evolved 6 | . . 2 2 2 . . Power . | . . . . . . . Propulsion 2 | . . . 2 . . . Utility 4 | . . 2 . 2 . . Weapon . | . . . . . . . Parts Attached 84 | 6 5 10 21 2 21 19 Power 10 | 1 1 . 2 . 5 1 Engine 7 | 1 1 . 2 . 2 1 Core 3 | . . . . . 3 . Reactor . | . . . . . . . Propulsion 21 | 2 1 1 6 . 6 5 Treads 17 | . . . 6 . 6 5 Leg 3 | 2 . 1 . . . . Wheel 1 | . 1 . . . . . Hover . | . . . . . . . Flight . | . . . . . . . Utility 30 | 1 2 5 4 2 9 7 Device 7 | . . 2 1 . 2 2 Storage 3 | 1 1 1 . . . . Processor 2 | . 1 . . . . 1 Hackware 4 | . . . . . . 4 Protection 14 | . . 2 3 2 7 . Artifact . | . . . . . . . Weapon 23 | 2 1 4 9 . 1 6 Energy Gun 8 | 1 . 2 3 . . 2 Energy Cannon 2 | . . . 2 . . . Ballistic Gun 8 | 1 . 2 2 . 1 2 Ballistic Cannon 2 | . . . 1 . . 1 Launcher 1 | . . . 1 . . . Special Weapon 2 | . 1 . . . . 1 Impact Weapon . | . . . . . . . Slashing Weapon . | . . . . . . . Piercing Weapon . | . . . . . . . Special Melee Weapon . | . . . . . . . Unidentified Prototypes . | . . . . . . . Corrupted Parts 1 | . . . . . . 1 System Corruption 5 | . . . . . . 5 Parts Lost 28 | . . 2 1 . 6 19 Power 3 | . . . . . 1 2 Propulsion 10 | . . . . . 3 7 Utility 9 | . . 1 1 . 2 5 Weapon 6 | . . 1 . . . 5 Highest Loss Streak 14 | . . 2 1 . 2 14 To Critical Strikes . | . . . . . . . Average Backups 14 | 1 9 14 14 14 14 13 Power 1 | . 2 3 2 2 1 . Propulsion 3 | . 3 4 4 5 3 2 Utility 4 | . 1 3 1 . 5 5 Weapon 4 | . 2 3 6 7 4 4 Tool/Special . | . . . . . . . Unused Backups 23 | . 3 1 6 . 8 5 Power 9 | . 3 . 3 . 1 2 Propulsion 5 | . . 1 2 . 1 1 Utility 4 | . . . . . 4 . Weapon 5 | . . . 1 . 2 2 Tool/Special . | . . . . . . . Average Slot Usage (%) 93 | . 97 97 99 98 91 88 Engine 5 | . 14 11 9 7 6 . Core 1 | . . . . . . 6 Treads 27 | . . . 34 30 29 28 Leg 1 | . 16 11 1 . . . Wheel 1 | . 11 10 . . . . Device 7 | . . 11 8 7 6 7 Storage 8 | . 23 11 9 7 7 6 Hackware 1 | . . . . . . 8 Protection 18 | . . 16 18 29 23 11 Energy Gun 2 | . 10 9 8 7 . . Energy Cannon 3 | . . . . . 6 3 Ballistic Gun 5 | . 14 11 6 7 3 3 Ballistic Cannon 2 | . . . 2 . 3 4 Peak Build Rating 53 | 6 10 15 25 29 47 53 Average Rating 35 | 4 7 13 23 28 41 46 On Entrance 18 | . 6 10 15 24 29 47 Avg Prop Armor Cover (%) 7 | . 9 6 4 . . 26 Naked Turns . | . . . . . . . Heaviest Build 78 | 13 34 39 53 57 73 78 Greatest Support 80 | 20 20 16 80 80 80 80 Greatest Overweight (x) 3 | 3 2 3 . . 1 3 Average Overweight (x) . | . 1 1 . . . . Largest Inventory Capacity 15 | 8 15 15 15 15 15 15 Average Capacity 14 | 7 13 15 15 15 15 14 Most Carried 15 | 3 15 15 15 15 15 15 Average Carried 14 | 1 9 14 14 14 14 14 Final Capacity 15 | 8 15 15 15 15 15 5 Final Carried 15 | 3 15 15 15 15 15 5 Class Distribution -------------------- 79% | Mutant 20% | Scavenger-Mutant Dominant Class ---------------- Mutant | -10/Materials Mutant | -9/Materials Mutant | -8/Materials Scavenger-Mutant | -7/Factory Mutant | -7/Garrison Mutant | -7/Factory Resources | -11 -10 -9 -8 -7 -7 -7 ----------- Run | Yrd Mat Mat Mat Fac Gar Fac Matter Collected 3172 | 182 114 171 371 . 1214 1120 Remotely . | . . . . . . . Salvage Created 3766 | . 167 176 604 . 1301 1518 Parts 201 | . 9 9 34 . 56 93 Haulers Intercepted 3 | . 1 . 2 . . . Recyclers Shooed 2 | . . 2 . . . . Parts Field Recycled . | . . . . . . . Retrieved Matter . | . . . . . . . Parts Self-Destructed . | . . . . . . . Prevented . | . . . . . . . Parts Restored . | . . . . . . . Kills | -11 -10 -9 -8 -7 -7 -7 ------- Run | Yrd Mat Mat Mat Fac Gar Fac Combat Hostiles Destroyed 92 | . 4 4 11 . 41 32 Guns 28 | . 4 4 9 . 4 7 Cannons 48 | . . . 1 . 33 14 AOE 14 | . . . 1 . 4 9 Classes Destroyed 15 | . 4 2 4 . 3 2 Worker 9 | . . . 3 . . 6 Builder 1 | . . . . . . 1 Hauler 3 | . 1 . 2 . . . Operator 2 | . . . 2 . . . Watcher 3 | . 1 . . . . 2 Swarmer 15 | . 3 . . . 8 4 Cutter 2 | . . . . . 2 . Grunt 37 | . 1 2 4 . 18 12 Brawler 2 | . . 1 . . . 1 Duelist 8 | . . . 2 . 1 5 Sentry 16 | . . 1 4 . 9 2 Specialist 4 | . . . . . 1 3 Hunter 2 | . . . 1 . 1 . Programmer 5 | . . . . . 1 4 Heavy 1 | . . . . . . 1 Best Kill Streak 8 | . 3 1 4 . 4 8 Combat Bots Only 6 | . 3 1 4 . 4 6 Max Kills in Single Turn 4 | . 1 1 3 . 2 4 Gunslinging . | . . . . . . . Exploded 2 | . . . 1 . 1 2 Melee . | . . . . . . . Uniques/NPCs Destroyed . | . . . . . . . Combat | -11 -10 -9 -8 -7 -7 -7 -------- Run | Yrd Mat Mat Mat Fac Gar Fac Hostile Shots Fired 929 | . 22 32 46 . 474 355 Missed 323 | . 4 9 15 . 179 116 Hits 606 | . 18 23 31 . 295 239 Melee 21 | . . 3 2 . 2 14 Projectile 585 | . 18 20 29 . 293 225 AOE 1 | . . . . . . 1 Critical Strikes 14 | . . 1 1 . 2 10 Actively Blocked 2 | . . 1 . . . 1 Damage Taken 7922 | . 157 320 568 . 2943 3934 Core 832 | . 28 48 51 . 67 638 Absorbed by Shields . | . . . . . . . Redirected to Shielding 85 | . . 10 11 . 15 49 Regen/Repaired (Parts) 370 | . . 19 . . . 351 Core Remaining (%) 91 | 100 88 88 90 . . . Volleys Fired 363 | . 17 26 40 . 153 127 Largest 2 | . 2 2 2 . 2 2 Hottest 114 | . 100 85 100 . 100 114 Shots Fired 673 | . 33 52 79 . 303 206 Gun 320 | . 32 52 75 . 83 78 Cannon 318 | . . . 3 . 214 101 Launcher 12 | . . . 1 . 3 8 Special 23 | . 1 . . . 3 19 Kinetic 356 | . 16 26 39 . 149 126 Thermal 101 | . 17 26 16 . 20 22 Explosive 12 | . . . 1 . 3 8 Electromagnetic 185 | . . . 23 . 131 31 Robot Hit Streak 22 | . 7 8 10 . 22 12 Robot Miss Streak 11 | . 1 7 7 . 11 6 Penetration Max 1 | . . . . . . 1 Secondary Targets 3 | . . . 2 . . 1 Max Gunslinging Chain 1 | . . . 1 . . 1 Shots Hit Robots 405 | . 22 30 67 . 160 126 Core Hits 361 | . 11 7 68 . 183 92 Critical Kills 10 | . . . . . . 10 Critical Parts Destroyed 18 | . . . . . . 18 Critical Strikes 33 | . 1 . . . 2 30 Burn 1 | . 1 . . . . . Destroy 29 | . . . . . . 29 Corrupt 3 | . . . . . 2 1 Melee Attacks . | . . . . . . . Impact . | . . . . . . . Slashing . | . . . . . . . Piercing . | . . . . . . . Sneak Attacks . | . . . . . . . Combat Hostiles . | . . . . . . . Follow-up Attacks . | . . . . . . . Damage Inflicted 10448 | . 227 384 1251 . 4317 4269 Guns 3557 | . 227 384 1067 . 683 1196 Cannons 4576 | . . . 75 . 3075 1426 Explosions 2315 | . . . 109 . 559 1647 Melee . | . . . . . . . Ramming . | . . . . . . . Kinetic 4904 | . 100 137 716 . 2319 1632 Thermal 1997 | . 127 247 295 . 660 668 Explosive 1517 | . . . 28 . 156 1333 Electromagnetic 2030 | . . . 212 . 1182 636 Impact . | . . . . . . . Slashing . | . . . . . . . Piercing . | . . . . . . . Highest Corruption 12 | . . 2 . . . 12 Average Corruption 3 | . . 2 . . . 3 Corruption Purged . | . . . . . . . Corruption Blocked . | . . . . . . . Effects 20 | . . 5 . . . 15 Message Errors 4 | . . . . . . 4 Matter Fused 1 | . . 1 . . . . Heat Flow Errors 1 | . . 1 . . . . Energy Discharges 2 | . . 1 . . . 1 Parts Rejected 1 | . . . . . . 1 Parts Fused 1 | . . . . . . 1 Data Loss (minor) 4 | . . 1 . . . 3 Data Loss (major) 2 | . . 1 . . . 1 Misfires 1 | . . . . . . 1 Weapon Failures 3 | . . . . . . 3 Overload Shots . | . . . . . . . Overflow Damage 6 | . . . . . . 6 Projectiles 6 | . . . . . . 6 Explosions . | . . . . . . . Melee . | . . . . . . . Knockbacks 69 | . . . . . 60 9 Impact . | . . . . . . . Kinetic 66 | . . . . . 57 9 Secondary 3 | . . . . . 3 . Self-Inflicted Damage 99 | . . . 44 . . 55 Shots 3 | . . . 1 . . 2 Rammed 1 | . . . . . . 1 Targets Rammed 1 | . . . . . . 1 Kicked . | . . . . . . . Crushed . | . . . . . . . Highest Temperature 308 | . 100 291 90 . 192 308 Average Temperature 51 | . 33 73 42 . 35 67 Received Heat Transfer 2214 | . 12 114 153 . 828 1107 Effects 1 | . . . . . . 1 Interference 1 | . . . . . . 1 Siege Activations . | . . . . . . . Martial Activations . | . . . . . . . Shielding Activations . | . . . . . . . Robots Disrupted . | . . . . . . . Combat Hostiles . | . . . . . . . Robots Corrupted 2 | . . . . . . 2 Combat Hostiles 2 | . . . . . . 2 Parts Fried 3 | . . . . . . 3 Impact Corruptions . | . . . . . . . Robots Melted . | . . . . . . . Combat Hostiles . | . . . . . . . Parts Melted 4 | . . 1 . . . 3 Heat Transferred 2759 | . 444 592 520 . 631 572 Parts Sabotaged . | . . . . . . . Parts Stolen . | . . . . . . . Parts Stripped . | . . . . . . . Power Chain Reactions 5 | . . . 1 . 3 1 Alert | -11 -10 -9 -8 -7 -7 -7 ------- Run | Yrd Mat Mat Mat Fac Gar Fac Maximum Alert Level 5 | . . . . . 5 5 Low Security (%) 31 | 100 100 100 100 100 5 . Level 1 4 | . . . . . 9 . Level 2 3 | . . . . . 7 . Level 3 11 | . . . . . 23 . Level 4 23 | . . . . . 15 77 Level 5 20 | . . . . . 38 4 High Security 3 | . . . . . . 17 Max Security . | . . . . . . . Peak Influence 2880 | . 72 45 177 76 2880 2039 Initial 1512 | . . 13 . 76 21 1512 Average 1022 | . 26 9 37 47 1378 1538 Influence Increases 4980 | . 133 115 413 14 3059 1246 Destroy 0b10 Robot/C 2020 | . 80 80 220 . 960 680 Destroy 0b10 Robot/NC 90 | . 10 . 35 . . 45 Destroy Leader 322 | . 14 20 74 . 50 164 Allied During Kill 47 | . . . . . 42 5 Successful Hack 107 | . 14 . 33 14 14 32 Disable Machine 195 | . 15 15 30 . . 135 Anti-Garrison Action 1700 | . . . . . 1700 . Destroy Structure 274 | . . . 6 . 203 65 Lose Combat Pursuer 225 | . . . 15 . 90 120 Influence Decreases 2966 | . 101 147 244 153 209 2112 Entered New Map 1489 | . . 19 . 93 9 1368 Time Decay 997 | . 101 108 234 60 . 494 Lost Part 280 | . . 20 10 . 60 190 Lost Ally 200 | . . . . . 140 60 Squads Dispatched 16 | . 1 . . . . 15 Investigation 1 | . 1 . . . . . Extermination 2 | . . . . . . 2 Reinforcement 3 | . . . . . . 3 Assault 10 | . . . . . . 10 Garrison . | . . . . . . . Intercept . | . . . . . . . Searches Triggered . | . . . . . . . Construction Impeded . | . . . . . . . Haulers Reinforced . | . . . . . . . Active Scanning Responses . | . . . . . . . Cargo Convoy Interrupts . | . . . . . . . Stealth | -11 -10 -9 -8 -7 -7 -7 --------- Run | Yrd Mat Mat Mat Fac Gar Fac Distress Signals 8 | . . 1 3 1 . 3 Communications Jammed . | . . . . . . . Distress Signals . | . . . . . . . Times Spotted 162 | . 7 6 23 1 55 70 Peak Tracking Total 15 | . 5 3 4 4 5 15 Tactical Retreats 9 | . . . 1 . 4 4 Traps | -11 -10 -9 -8 -7 -7 -7 ------- Run | Yrd Mat Mat Mat Fac Gar Fac Traps Triggered 9 | . . . . . 5 4 Indirectly . | . . . . . . . Trap Hack Attempts . | . . . . . . . Triggered . | . . . . . . . Disarmed . | . . . . . . . Reprogrammed . | . . . . . . . Reused . | . . . . . . . Traps Extracted . | . . . . . . . Installed . | . . . . . . . Triggered . | . . . . . . . Machines | -11 -10 -9 -8 -7 -7 -7 ---------- Run | Yrd Mat Mat Mat Fac Gar Fac Machines Disabled 18 | . 1 1 2 . 5 9 Max in Single Turn 2 | . 1 1 1 . 1 2 Garrison Relay 5 | . . . . . 5 . Machines Repaired . | . . . . . . . Machines Dismantled . | . . . . . . . Machines Sabotaged . | . . . . . . . Overloaded Fab Kills . | . . . . . . . Hacking | -11 -10 -9 -8 -7 -7 -7 --------- Run | Yrd Mat Mat Mat Fac Gar Fac Machines Accessed 26 | . 3 3 8 1 4 7 Terminals 15 | . 3 . 4 . 4 4 Fabricators . | . . . . . . . Repair Stations 4 | . . 2 1 . . 1 Recycling Units 4 | . . 1 2 . . 1 Scanalyzers 2 | . . . 1 . . 1 Garrison Access 1 | . . . . 1 . . Total Hacks 67 | . 16 8 22 1 5 15 Successful 36 | . 8 5 13 1 1 8 Failed 31 | . 8 3 9 . 4 7 Catastrophic 7 | . 3 . 1 . 3 . Database Lockouts . | . . . . . . . Manual 13 | . 3 . 8 . . 2 Terminals 41 | . 16 . 12 . 5 8 Fabricators . | . . . . . . . Repair Stations 9 | . . 5 2 . . 2 Recycling Units 9 | . . 3 4 . . 2 Scanalyzers 7 | . . . 4 . . 3 Garrison Access 1 | . . . . 1 . . Terminal Hacks 13 | . 5 . 3 . 1 4 Robot Analysis 1 | . 1 . . . . . Prototype ID Bank 4 | . 1 . 1 . . 2 Emergency Access Points 2 | . . . 1 . 1 . Locate Traps 3 | . 2 . . . . 1 Hauler Manifests 1 | . . . 1 . . . Zone Layout 2 | . 1 . . . . 1 Fabricator Hacks . | . . . . . . . Repair Station Hacks 6 | . . 3 1 . . 2 Scan Component 4 | . . 2 1 . . 1 Repair 2 | . . 1 . . . 1 Recycling Unit Hacks 4 | . . 2 2 . . . Report Inventory 3 | . . 1 2 . . . Retrieve Components 1 | . . 1 . . . . Scanalyzer 4 | . . . 2 . . 2 Retrieve Study 4 | . . . 2 . . 2 Garrison Access Hacks 1 | . . . . 1 . . Unlock Access 1 | . . . . 1 . . Unauthorized Hacks 8 | . 3 . 5 . . . Terminals 6 | . 3 . 3 . . . Assimilate 1 | . . . 1 . . . Botnet 3 | . 2 . 1 . . . Operators 2 | . 1 . 1 . . . Fabricators . | . . . . . . . Repair Stations . | . . . . . . . Recycling Units 2 | . . . 2 . . . Reject 2 | . . . 2 . . . Scanalyzers . | . . . . . . . Garrison Access . | . . . . . . . Data Cores Recovered 1 | . . . 1 . . . Used 1 | . . . 1 . . . Hacking Detections 22 | . 3 3 6 . 4 6 Full Trace Events 2 | . 1 . . . 1 . Feedback Events . | . . . . . . . Feedback Blocked . | . . . . . . . Robot Schematics Acquired . | . . . . . . . Robots Built . | . . . . . . . Authchips . | . . . . . . . Time . | . . . . . . . Total Robot Build Rating . | . . . . . . . Part Schematics Acquired . | . . . . . . . Parts Built . | . . . . . . . Authchips . | . . . . . . . Time . | . . . . . . . Total Part Build Rating . | . . . . . . . Part Studies Acquired 3 | . . . 2 . . 1 Parts Repaired 2 | . . 1 . . . 1 Time 70 | . . 26 . . . 44 Parts Recycled . | . . . . . . . Recycled Matter . | . . . . . . . Retrieved Matter . | . . . . . . . Retrieved Components 5 | . . 5 . . . . Parts Scanalyzed . | . . . . . . . Part Schematics Acquired . | . . . . . . . Parts Damaged . | . . . . . . . Bothacking | -11 -10 -9 -8 -7 -7 -7 ------------ Run | Yrd Mat Mat Mat Fac Gar Fac Used RIF Installer 1 | . . . . . 1 . Robots Hacked 7 | . . . . . . 7 Non-combat 4 | . . . . . . 4 Combat 3 | . . . . . . 3 Robot Hacks Applied 10 | . . . . . . 10 parse_system 1 | . . . . . . 1 generate_echo 1 | . . . . . . 1 start_evac 1 | . . . . . . 1 map_walls 1 | . . . . . . 1 randomize_corridors 1 | . . . . . . 1 map_earth 1 | . . . . . . 1 find_recycling 1 | . . . . . . 1 link_fov 1 | . . . . . . 1 reboot_system 1 | . . . . . . 1 formatsys_high 1 | . . . . . . 1 Relay Couplers Released 19 | . . . . . 19 . Machine Destruction 19 | . . . . . 19 . Attached 3 | . . . . . . 3 Fabnet Peak Effective % . | . . . . . . . Robots Rewired 9 | . . . . . 9 . Allies Hacked . | . . . . . . . Hacks Repelled . | . . . . . . . Allies | -11 -10 -9 -8 -7 -7 -7 -------- Run | Yrd Mat Mat Mat Fac Gar Fac Total Allies 11 | . . . . . 10 1 Largest Group 4 | . . . . . 4 3 Highest-Rated Group 145 | . . . . . 145 96 Highest-Rated Ally 49 | . . . . . 49 32 Total Orders . | . . . . . . . Ally Attacks 51 | . . . . . 42 9 Total Damage 1163 | . . . . . 871 292 Kills 9 | . . . . . 7 2 Allies Corrupted . | . . . . . . . Allies Melted . | . . . . . . . Intel | -11 -10 -9 -8 -7 -7 -7 ------- Run | Yrd Mat Mat Mat Fac Gar Fac Active Infowar (turns) 65 | . . 65 . . . . ECM 65 | . . 65 . . . . Robot Analysis Total 1 | . 1 . . . . . Derelict Logs Recovered . | . . . . . . . Drone Launches . | . . . . . . . Drone Recoveries . | . . . . . . . Exploration | -11 -10 -9 -8 -7 -7 -7 ------------- Run | Yrd Mat Mat Mat Fac Gar Fac Turns Passed 7719 | 63 338 402 1290 134 3895 1597 Spaces Moved 3680 | 41 211 180 573 82 1861 732 Core 91 | 8 . . . . . 83 Treads 3155 | . . . 573 82 1861 639 Legs 84 | 33 30 21 . . . . Wheels 350 | . 181 159 . . . 10 Hover . | . . . . . . . Flight . | . . . . . . . Fastest Speed 50 | 50 100 115 160 160 160 50 Average Speed 158 | 125 124 149 160 160 166 152 Slowest Speed 330 | 200 130 330 160 160 250 250 Overloaded Moves . | . . . . . . . Propulsion Burnouts . | . . . . . . . Robots Hopped . | . . . . . . . Potential Cave-ins . | . . . . . . . Cave-ins Triggered . | . . . . . . . Exploration Rate (%) 34 | 4 42 19 54 2 97 25 Regions Visited 6 Branch Regions . Pre-discovered Areas . | . . . . . . . Known Exits Taken 2 | . 1 . . 1 . . Unknown Exits Taken 3 | 1 . 1 1 . . . Scrap Searched . | . . . . . . . Spaces Dug 7 | . . . . . 6 1 Terrain Destroyed 96 | . . . 4 . 19 73 Melee . | . . . . . . . Projectile 14 | . . . . . . 14 AOE 82 | . . . 4 . 19 59 Terrain Rammed . | . . . . . . . Walls Destroyed . | . . . . . . . Machines Disabled . | . . . . . . . Actions | -11 -10 -9 -8 -7 -7 -7 --------- Run | Yrd Mat Mat Mat Fac Gar Fac Total 4885 | 49 254 267 872 84 2350 1009 Wait 461 | . 1 38 204 . 135 83 Move 3673 | 40 210 179 572 81 1859 732 Hop . | . . . . . . . Pick Up 73 | 3 16 5 14 1 25 9 Fast Attach 25 | 6 1 5 4 1 4 4 Attach 37 | . 1 3 5 1 10 17 Detach 3 | . . 1 . . . 2 Swap 65 | . 3 4 13 . 21 24 Drop 70 | . 5 6 20 . 29 10 Fire 363 | . 17 26 40 . 153 127 Melee . | . . . . . . . Ram . | . . . . . . . Kick . | . . . . . . . Crush 1 | . . . . . . 1 Escape Stasis 2 | . . . . . 2 . Rewire 112 | . . . . . 112 . Trap . | . . . . . . . Miscellaneous . | . . . . . . . Route ------- -11/Scrapyard -10/Materials (discovered 3 exits: *Mat x2 / [*Min]) -9/Materials -8/Materials (discovered 2 exits: *Fac x2) -7/Factory -7/Garrison (discovered 4 exits: *Fac x4) -7/Factory History --------- Turn | Location | Event 14 | -11/Scrapyard | Discovered new exit (range 15) 64 | -11/Scrapyard | Entered Materials 98 | -10/Materials | Discovered new exit (range 16) 203 | -10/Materials | Discovered new exit (range 12) 305 | -10/Materials | Build established: Mutant 328 | -10/Materials | Discovered new exit (range 16) 364 | -10/Materials | Identified exit to Materials 402 | -10/Materials | Entered another Materials area 402 | -9/Materials | Evolved 2 slots: Utility x2 580 | -9/Materials | Repaired Com. Wheel 749 | -9/Materials | Discovered new exit (range 9) 804 | -9/Materials | Entered another Materials area 804 | -8/Materials | Evolved 2 slots: Propulsion x2 1562 | -8/Materials | Discovered new exit (range 16) 2061 | -8/Materials | Discovered new exit (range 13) 2094 | -8/Materials | Entered Factory 2094 | -7/Factory | Evolved 2 slots: Utility x2 2129 | -7/Factory | Build established: Scavenger-Mutant 2226 | -7/Factory | Identified exit to Garrison 2228 | -7/Factory | Entered Garrison 2435 | -7/Garrison | Garrison Relay disabled 2698 | -7/Garrison | Triggered checkpoint 2730 | -7/Garrison | Triggered checkpoint 2760 | -7/Garrison | Triggered checkpoint 2806 | -7/Garrison | Triggered checkpoint 2834 | -7/Garrison | Build established: Mutant 2908 | -7/Garrison | Triggered checkpoint 3031 | -7/Garrison | Garrison Relay disabled 3082 | -7/Garrison | Triggered checkpoint 3243 | -7/Garrison | Garrison Relay disabled 3447 | -7/Garrison | Discovered new exit (range 10) 3466 | -7/Garrison | Triggered checkpoint 3510 | -7/Garrison | Discovered new exit (range 6) 3610 | -7/Garrison | Build established: Scavenger-Mutant 4115 | -7/Garrison | Discovered new exit (range 12) 4131 | -7/Garrison | Build established: Mutant 4140 | -7/Garrison | Triggered checkpoint 4194 | -7/Garrison | Lost 3 allies 5024 | -7/Garrison | Spotted B-75 Beast 5389 | -7/Garrison | Discovered new exit (range 10) 5428 | -7/Garrison | Triggered checkpoint 5452 | -7/Garrison | Triggered checkpoint 5467 | -7/Garrison | Garrison Relay disabled 5733 | -7/Garrison | Triggered checkpoint 5760 | -7/Garrison | Garrison Relay disabled 6054 | -7/Garrison | Installed Relay Interface Framework 6123 | -7/Garrison | Entered Factory 6123 | -7/Factory | Accompanied by 3 allies 6453 | -7/Factory | Repaired Hrd. Heavy Armor Plating 7323 | -7/Factory | First assault squad dispatched 7436 | -7/Factory | High security lockdown imminent 7516 | -7/Factory | High security lockdown engaged 7672 | -7/Factory | Core integrity fell below 50% 7677 | -7/Factory | System corruption reached 10% 7678 | -7/Factory | Core integrity fell below 20% 7707 | -7/Factory | Lost 14 parts (2p5n4u3w) 7720 | -7/Factory | Destroyed by Y-54 Guardian with Gatling Laser Last Messages --------------- 07667_ Adv. Treads destroyed. 07668_ Penetrated by Slug. 07668_ KE Penetrator destroyed. 07670_ Penetrated by Slug. 07670_ Arm. Treads destroyed. 07671_ Slammed into B-48 Gladiator. 07671_ Penetrated by Slug. 07671_ Core Shielding destroyed. 07674_ Arm. Treads destroyed. 07676_ Transmission Jammer severed. 07676_ Hvy. Laser destroyed. 07676_ System corrupted by crushing effect (+4). 07677_ Penetrated by Slug. 07678_ Dropped Lrg. Storage Unit. 07682_ L5%/TUEE GAFN7MR|H6FE,FPC4JJVV4GRKS&W7 07683_ Triggered Blade Trap. 07683_ Massive razor-sharp blades shoot up from within the floor. 07683_ Hacking Suite severed. 07706_ N#>,RP10YV=U&BWM8GLI SDQ Map ----- +----------------------------------------------------+ | "" #??# #??????# #????# #??????????????????? | | "" #### ######## ###### ##?????????????????? | | # #?????????????????? | | "" # #?????????????????? | | "" # #?????????????????? | | "" + #?????????????????? | | "" # #?????????????????? | | # #?????????????????? | | "" # #?????????????????? | | "" ##############+#### #?????????????????? | | "" #???# ## ##????????????????? | | "" #???# """ """ # #????????????????? | | #????? """ """ # #????????????????? | | #?????? """ """ # #????????????????? | | #?????? # ####?????????????? | | ######?????? """ """ # " +?????????????? | | ?????????????""" """ # ####?????????????? | | ???????????????"???? # #????????????????? | | ???????????????????? # ! #????????????????? | | ???????????????????? # #????????????????? | | ???????????????????? ### ###????????????????? | | ????????????????????? #?# #??????????????????? | | ??????????????????????#?# #??????????????????? | | ????????????????????????# #??????????????????? | | ????????????????????????# #??????????????????? | | ????????????????????????#@ #??????????????????? | | ????????????????????????# #??????????????????? | | ???????????????????????? #?????????????????? | | ???????????????????????? #?????????????????? | | ???????????????????????# ????????????????? | | ???????????????????????+ Y ??????????????? | | ???????????????????????# ????????????? | | ???????????????????????# #######???????????? | | ???????????????????????# #?????????????????? | | ????????????????????????########?????????????????? | | | | | | | | | | | | | | | | | | | | | | | | | | | | | | | +----------------------------------------------------+ Best States ------------- Heat Dissipation 70 Energy Generation 19 Energy Capacity 365 Matter Stores 300 Matter Capacity 300 Sight Range 16 Terrain Scan Density 10 ECM Strength 1 Armor Coverage 825 Core Shielding 20 Phase Shifting 15 Evasion (%) 55 Recoil Reduction 4 Offensive Hacking 10 Relay Coupler Types 2 Relay Coupler Value 33 Item Schematics ----------------- None Robot Schematics ------------------ None Fabricated ------------ Nothing Repaired ---------- Com. Wheel | 36% | -9/Materials Hrd. Heavy Armor Plating | 41% | -7/Factory Studied --------- Imp. Deuterium Engine | -8/Materials | Hacked Flak Cannon | -8/Materials | Hacked EM Pulse Cannon | -7/Factory | Hacked Alien Tech Used ----------------- None Achievements -------------- Assimilation Complete Mindtrick Versatile Challenges ------------ None Game ------ Seed ArcsightRainbowExpander Manual? 0 Play Time 01:50:10 Cumulative 138.8 hours Start 2026.03.05 @ 21:31:55 End 2026.03.05 @ 23:20:08 Sessions 1 Manual Loads 0 Difficulty Rogue Special Mode None Game No. 115 Rogue 115 Adventurer 0 Explorer 0 Win Type - Total 0 Types 0/0/0/0/0/0/0/0/0/0 Lore% 53 Gallery% 47 Achievement% 37 Wizard Run 0 Options --------- Layout 1 ASCII 1 Keyboard 1 Movement Numpad Keybinds 0 Fullscreen 1 Font 24/Smallcaps Map View 50x35 Zoom Use 0% Tactical HUD 1 Map Filters NONE Filters NONE Steam 1 RUN: ffaf078e-9916-4532-920a-9816f7b86051